 Dungeon Crawl Stone Soup version 0.29.0-11-gd7f09526c8 (webtiles) character file.

Game seed: 16414836234359756353

95 NinjaNoafa the Grave Robber (level 4, 0/30 HPs)
             Began as a Demonspawn Necromancer on Sept 6, 2022.
             Killed by divine providence
             ... invoked by an orc priest
              (10 damage)
             ... on level 3 of the Dungeon.
             The game lasted 00:05:32 (2695 turns).

NinjaNoafa the Grave Robber (DsNe)                  Turns: 2695, Time: 00:05:33

Health: 0/30       AC:  7    Str:  8    XL:     4   Next: 39%
Magic:  1/7        EV: 11    Int: 18    God:
Gold:   216        SH:  6    Dex: 14    Spells: 6/7 levels left

rFire   . . .      SeeInvis +   i - +1 dagger (drain)
rCold   . . .      Faith    .   c - +2 buckler
rNeg    . . .      Spirit   .   a - +0 robe
rPois   .          Reflect  .   p - +2 hat
rElec   .          Harm     .   m - +0 cloak
rCorr   .          Rampage  .   (no gloves)
Will    .....                   (no boots)
Stlth   ++........              (no amulet)
HPRegen 0.10/turn               s - ring of see invisible
MPRegen 0.10/turn               (no ring)

@: flying
A: thin metallic scales 1, powered by death 1
a: no special abilities


You were on level 3 of the Dungeon.
You visited 1 branch of the dungeon, and saw 3 of its levels.

You collected 216 gold pieces.

Inventory:

Hand Weapons
 i - a +1 dagger of draining (weapon)
Missiles
 k - 40 stones
 u - 3 boomerangs
Armour
 a - a +0 robe (worn)
 c - a +2 buckler (worn)
 m - a +0 cloak (worn)
 p - a +2 hat (worn)
Jewellery
 s - a ring of see invisible (left hand)
Scrolls
 d - a scroll of immolation {unknown}
 g - a scroll of torment {unknown}
 j - a scroll of poison {unknown}
 l - a scroll of fear {unknown}
 q - a scroll of teleportation {unknown}
 t - a scroll of noise {unknown}
Potions
 b - a potion of magic
 e - 3 potions of cancellation
 f - a potion of flight
 h - 2 potions of degeneration {unknown}
 n - a potion of attraction {unknown}
 o - 2 potions of mutation {unknown}
 r - 2 potions of heal wounds {unknown}


   Skills:
 - Level 1.7 Dodging
 - Level 1.7 Stealth
 + Level 2.1 Shields
 - Level 2.0 Spellcasting
 * Level 5.7 Necromancy


You had 6 spell levels left.
You knew the following spells:

 Your Spells              Type           Power      Damage    Failure   Level
a - Necrotise             Necr           88%        1d8       2%          1

Your spell library contained the following spells:

 Spells                   Type           Power      Damage    Failure   Level
 Vampiric Draining        Necr           22%        2d7       7%          3
 Animate Dead             Necr           22%        N/A       22%         4
 Agony                    Necr           22%        N/A       52%         5
 Passage of Golubria      Tloc           1%         N/A       93%         4
 Silence                  Hex/Air        0%         N/A       100%        5
 Lehudib's Crystal Spear  Conj/Erth      0%         10d2      100%        8


Dungeon Overview and Level Annotations

Branches:
Dungeon (3/15)

Altars:
Makhleb

Annotations:
D:2 1 exclusion


Innate Abilities, Weirdness & Mutations

You are partially covered in thin metallic scales. (AC +2)
You regenerate a little health from kills.


Message History

Your orc skeleton hits the orc but does no damage.
The orc hits you with a +0 dagger.
Your orc skeleton hits the orc but does no damage.
Your orc skeleton hits the orc but does no damage.
The orc priest hits your orc skeleton with a +0 hand axe of freezing!
Your orc skeleton is destroyed!
The orc hits you with a +0 dagger.
Your orc skeleton barely misses the orc.
You hit the orc but do no damage. You drain the orc.
The orc is heavily wounded.
The orc misses you.
Your orc skeleton hits the orc but does no damage.
You barely miss the orc.
The orc is heavily wounded.
Your orc skeleton hits the orc but does no damage.
The orc priest hits your orc skeleton with a +0 hand axe of freezing.
The orc closely misses you.
Your orc skeleton hits the orc but does no damage.
You closely miss the orc.
The orc is heavily wounded.
Your orc skeleton closely misses the orc.
The orc hits you with a +0 dagger.
The orc priest hits your orc skeleton with a +0 hand axe of freezing!
Your orc skeleton is destroyed!
You closely miss the orc.
The orc is heavily wounded.
Your orc skeleton barely misses the orc.
The orc barely misses you.
The orc priest invokes the aid of Beogh against you.
Beogh smites you!
You hit the orc but do no damage. You drain the orc.
The orc is almost dead.
Your orc skeleton hits the orc but does no damage.
The orc closely misses you.
It was a potion of flight.
You feel very buoyant.
You fly up into the air.
The orc misses you.
The orc priest invokes the aid of Beogh against you.
Beogh smites you!
You die...

..# #..### ..####
#.## )....# #.#
.....# #..###.###
.....# .. #...[>...#
.....# ....
####.###.### .....#
.....###### #.#...#.#
.....#
......).Z.###.#.#...#
.....#
.....#oo@.....#...#.#
.....# #<#
#.##.#.......#.#
.....# #.
#.#...###.#.# .....#
#. #.#.......#.#
.....# ..
#.........#.# ######
## ###..#.####.#
#..#.# .# .....#
.######


You could see an orc priest, an orc (very drained, ally target) and a friendly
orc skeleton.

Vanquished Creatures
  A worm (D:2)
  4 dart slugs
  5 orcs (D:3)
  6 ball pythons
  5 bats
  8 endoplasms
  2 giant cockroaches
  7 goblins
  8 hobgoblins
  3 jackals (D:2)
  4 kobolds (D:3)
  5 quokkas
  3 frilled lizards
  6 rats
67 creatures vanquished.

Vanquished Creatures (collateral kills)
  A goblin (D:1)
1 creature vanquished.

Grand Total: 68 creatures vanquished

Notes
Turn   | Place    | Note
-------+----------+-------------------------------------------
     0 | D:1      | NinjaNoafa the Demonspawn Necromancer began the quest for
                  | the Orb.
     0 | D:1      | Reached XP level 1. HP: 13/13 MP: 3/3
   371 | D:1      | Gained mutation: You are partially covered in thin metallic
                  | scales. (AC +2) [demonic ancestry]
   371 | D:1      | Reached XP level 2. HP: 19/19 MP: 3/5
   445 | D:1      | Reached skill level 1 in Shields
   758 | D:1      | Reached skill level 5 in Necromancy
   764 | D:1      | Reached XP level 3. HP: 18/24 MP: 0/6
  1196 | D:2      | Found a burning altar of Makhleb.
  2131 | D:3      | Gained mutation: You regenerate a little health from kills.
                  | [demonic ancestry]
  2131 | D:3      | Reached XP level 4. HP: 30/30 MP: 5/7
  2695 | D:3      | Killed from afar by an orc priest

Illustrated notes

Levels and vault maps discovered:
D:1:      denvon_arrival_waterhouse, layout_rooms
D:2:      layout_loops_ring, basic_altar, dreamdust_princess_bridge
D:3:      layout_basic, shapermc_ecumenical_altar_hornbeckon

Skill      XL: |  1  2  3 |
---------------+----------+-----
Shields        | 1 2 |  2.1
Necromancy     | 5 |  5.7
Dodging        | |  1.7
Stealth        | |  1.7
Spellcasting   | |  2.0

Action                   |  1- 3 |  4- 6 || total
-------------------------+-------+-------++-------
Melee: Unarmed           |     5 |       ||     5
       Dagger            |    20 |     8 ||    28
 Cast: Necrotise         |    81 |    34 ||   115
  Use: Potion            |       |     2 ||     2
Armor: Robe              |    19 |     5 ||    24
Dodge: Dodged            |    18 |    11 ||    29
Block: Buckler           |    13 |     2 ||    15
